 Dungeon Crawl Stone Soup version 0.31-a0-75-g6fe912e8c5 (webtiles) character file.

Game seed: 15716337075988001318

102 Elsrick the Trooper (level 4, -2/29 HPs)
             Began as a Gargoyle Berserker on May 24, 2023.
             Was a Believer of Trog.
             Slain by Sigmund
             ... wielding a +4 vampiric scythe
              (4 damage)
             ... on level 3 of the Dungeon.
             The game lasted 00:05:13 (1439 turns).

Elsrick the Trooper (Gargoyle Berserker)            Turns: 1439, Time: 00:05:14

Health: -2/29      AC: 12    Str: 22    XL:     4   Next: 77%
Magic:  4/4        EV: 10    Int:  8    God:    Trog [**....]
Gold:   106        SH:  0    Dex:  9    Spells: 3/3 levels left

rFire   . . .        g - +5 spear
rCold   . . .        (no shield)
rNeg    + . .        f - +0 scale mail
rPois   ∞            (no helmet)
rElec   +            (no cloak)
rCorr   .            i - +0 pair of gloves
SInv    .            e - +0 pair of boots
Will    .....        (no amulet) Stlth
                     (no ring)
HPRegen 0.24/turn    (no ring)
MPRegen 0.09/turn

%: no passive effects
@: on berserk cooldown, slowed, very slow
A: sickness immunity, AC +3, negative energy resistance 1, electricity
resistance, torment resistance 1, petrification resistance
a: Renounce Religion, Berserk, Trog's Hand


You were on level 3 of the Dungeon.
You worshipped Trog.
Trog was pleased with you.
You visited 1 branch of the dungeon, and saw 3 of its levels.

You collected 106 gold pieces.

Inventory:

Hand Weapons
 a - a +0 mace
 g - a +5 spear (weapon)
Armour
 b - a +0 animal skin
 e - a +0 pair of boots (worn)
 f - a +0 scale mail (worn)
 i - a +0 pair of gloves (worn)
Scrolls
 h - a scroll of acquirement {unknown}
Potions
 c - 2 potions of enlightenment {unknown}
 j - a potion of cancellation {unknown}


   Skills:
 + Level 4.1 Fighting
 - Level 4.0 Maces & Flails
 * Level 0.6 Polearms
 + Level 0.1 Throwing
 + Level 2.4 Armour
 + Level 2.3 Dodging


You had 3 spell levels left.
You didn't know any spells.
Your spell library was empty.

Dungeon Overview and Level Annotations

Branches:
Dungeon (3/15)

Altars:

Shops:
D:1 =

Annotations:
D:3 Sigmund


Innate Abilities, Weirdness & Mutations

You are immune to sickness and miasma.
Your stone body is resilient. (AC +3)
You are immune to poison.
You resist negative energy. (rN+)
You are resistant to electric shocks. (rElec)
You are resistant to unholy torment.
You are immune to petrification.


Message History

Robin is heavily wounded.
You puncture Robin!
You kill Robin!
Trog accepts your kill.
You hear some strange, mumbled words.
A puff of flame appears from out of thin air!
The puff of flame hits you. The goblin hits you but does no damage.
You barely miss the hobgoblin. Something hits you!
The hobgoblin hits you but does no damage.
The goblin barely misses you.
You closely miss the hobgoblin. The goblin hits you with a +0 dagger.
The hobgoblin barely misses you.
You puncture the hobgoblin!
You kill the hobgoblin!
Trog accepts your kill. Something hits you but does no damage.
Found 4 gold pieces.
The goblin hits you with a +0 dagger. The hobgoblin hits you.
* * * LOW HITPOINT WARNING * * *
Items here: ( )) [[ †.
You puncture the hobgoblin!
You kill the hobgoblin!
Trog accepts your kill. Something hits you but does no damage.
The goblin hits you but does no damage. The goblin completely misses you.
You impale the goblin!!
You kill the goblin!
Trog accepts your kill.
The goblin hits you but does no damage. x2
You hit something.
The goblin no longer looks unusually strong.
Something hits you.
* * * LOW HITPOINT WARNING * * *
You miss something. The goblin closely misses you.
The goblin hits you but does no damage. x2
You miss something.
You are no longer berserk.
You are exhausted.
You feel yourself slow down. Something hits you.
You die...

# # # .. #..... # ##...
...#.$.... ## #
.##..#.#.. ....... .##.#
.......... ....... ....#
......... ....... ....#
......... ....... #...#.
#.....###g...$..
##....## #....g@gg.....
#...####..#...###{.(.(..
..#.###..............(..
###........##.###.......
.(...........[..........
.. ........##.###.......
.###.###.## #..# #......
..........# ##.# #.....
..........## #.## #.#


You could see 4 goblins.

Vanquished Creatures
  Robin (D:3)
  4 adders (D:2)
  2 worms (D:2)
  5 ball pythons
  An endoplasm (D:2)
  2 giant cockroaches (D:1)
  A goblin (D:3)
  13 hobgoblins
  4 jackals (D:2)
  3 quokkas (D:1)
  4 bats
  3 frilled lizards
  2 kobolds (D:2)
  2 rats
47 creatures vanquished.

Notes
Turn   | Place    | Note
-------+----------+-------------------------------------------
     0 | D:1      | Elsrick the Gargoyle Berserker began the quest for the Orb.
     0 | D:1      | Reached XP level 1. HP: 14/14 MP: 1/1
   180 | D:1      | Reached XP level 2. HP: 19/19 MP: 2/2
   276 | D:1      | Found Vourph's Jewellery Emporium.
   785 | D:2      | Reached XP level 3. HP: 17/24 MP: 3/3
   889 | D:2      | Reached XP level 4. HP: 22/29 MP: 4/4
   892 | D:2      | Reached ** piety under Trog
  1413 | D:3      | Noticed Sigmund
  1414 | D:3      | Noticed Robin
  1430 | D:3      | Killed Robin
  1437 | D:3      | HP: 2/43 [something (6)]
  1439 | D:3      | Slain by Sigmund

Illustrated notes

Levels and vault maps discovered:
D:1:      scummos_arrival_checkerplants, layout_rooms, serial_shops,
          nicolae_shop_window_shopping, grunt_decor_clamped,
          chequers_serial_rivers_micro_c, lemuel_flame_loot_1
D:2:      layout_rooms, chequers_hall_statues_wall_a
D:3:      layout_rooms, amcnicky_altar_gilded, uniq_sigmund, uniq_robin

Skill      XL: |  1  2  3  4 |
---------------+-------------+-----
Dodging        | 2 |  2.3
Maces & Flails | 4 |  4.0
Fighting       | 4 |  4.1
Polearms       | |  0.6
Throwing       | |  0.1
Armour         | |  2.4

Action                     |  1- 3 |  4- 6 || total
---------------------------+-------+-------++-------
  Melee: Mace              |    78 |    19 ||    97
         Punch             |     1 |     1 ||     2
         Spear             |       |    43 ||    43
  Throw: Dart              |       |     5 ||     5
 Invoke: Berserk           |       |     1 ||     1
   Stab: Invisible         |       |     2 ||     2
 Armour: Animal skin       |    35 |     2 ||    37
         Scale mail        |       |    34 ||    34
  Dodge: Dodged            |    64 |    29 ||    93

Table legend: (Time is in decaauts)
 A = Elapsed time spent in this place.
 B = Non-inter-level travel time spent in this place.
 C = Inter-level travel time spent in this place.
 D = Time resting spent in this place.
 E = Time spent auto-exploring this place.
 F = Levels seen in this place.
 G = Mean time per level.
                   A        B        C        D        E       F      G
               +--------+--------+--------+--------+--------+-----+--------+
         Total |   1459 |   1419 |     40 |     83 |    949 |   3 |  486.3 |
       Dungeon |   1459 |   1419 |     40 |     83 |    949 |   3 |  486.3 |
               +--------+--------+--------+--------+--------+-----+--------+

Top non-repeatable levels by time:
     D:1: 759 daAuts
     D:2: 520 daAuts
     D:3: 179 daAuts
